 Dungeon Crawl Stone Soup version 0.28.0 (webtiles) character file.

Game seed: 13038534850903984508

22 Ayyar the Skirmisher (level 3, 0/43 HPs)
             Began as a Formicid Abyssal Knight on Apr 22, 2022.
             Was a Follower of Lugonu.
             Succumbed to a goblin's poison
             ... on level 2 of the Dungeon.
             The game lasted 00:03:00 (1053 turns).

Ayyar the Skirmisher (Formicid Abyssal Knight)      Turns: 1053, Time: 00:03:00

Health: 0/43       AC: 21    Str: 19    XL:     3   Next: 7%
Magic:  4/4        EV:  2    Int:  9    God:    Lugonu [*.....]
Gold:   35         SH:  0    Dex: 11    Spells: 2/2 levels left

rFire   . . .      SeeInvis .   a - +1 spear
rCold   . . .      Faith    .   (no shield)
rNeg    . . .      Spirit   .   (armour currently unavailable)
rPois   +          Reflect  .   (helmet unavailable)
rElec   .          Harm     .   (cloak currently unavailable)
rCorr   .          Rampage  .   (gloves currently unavailable)
Will    .....                   (boots currently unavailable)
Stlth   +.........              (no amulet)
HPRegen 0.14/turn               (no ring)
MPRegen 0.09/turn               (no ring)

@: lethally poisoned (0 -> -2), tree-form
A: stationary, stasis, torment immunity, boosted hp, permanent stasis, dig
shafts and tunnels, (antennae 3), four strong arms
a: Renounce Religion, Depart the Abyss


You were on level 2 of the Dungeon.
You worshipped Lugonu.
Lugonu was aware of your devotion.
You were a tree.
You visited 1 branch of the dungeon, and saw 2 of its levels.
You visited the Abyss 1 time.

You collected 35 gold pieces.

Inventory:

Hand Weapons
 a - a +1 spear (weapon)
Armour
 b - a +0 leather armour (melded)
Scrolls
 d - 2 scrolls of identify {unknown}
 e - a scroll of amnesia {unknown}
 f - a scroll of fear {unknown}
Potions
 g - a potion of haste


   Skills:
 + Level 3.5 Fighting
 + Level 2.2 Polearms
 + Level 2.5 Armour
 + Level 1.3 Dodging
 + Level 2.6 Invocations


You had 2 spell levels left.
You didn't know any spells.
Your spell library was empty.

Dungeon Overview and Level Annotations

Branches:
Dungeon (2/15)

Altars:
Dithmenos

Shops:
D:1 !


Innate Abilities, Weirdness & Mutations

You are a tree.
Your roots penetrate the ground, keeping you stationary.
You cannot be teleported.
You are immune to unholy pain and torment.
Your maximum health is greatly increased.
Your equipment is partially melded.
You cannot be hasted, slowed, berserked, paralysed or teleported.
You can dig through walls and to a lower floor.
((You have a pair of large antennae on your head. (SInv)))
Your four strong arms can wield two-handed weapons with a shield.


Message History

The goblin is severely wounded.
You feel sick.
The goblin hits you with a +2 dagger of venom.
You are more poisoned.
You hit the goblin.
You kill the goblin!
Lugonu accepts your kill.
You feel very sick.
A kobold comes into view. It is wielding a +0 whip.
You barely miss the kobold.
You feel very sick. The ball python bites you.
The ball python closely misses you. The kobold hits you with a +0 whip.
* * * LOW HITPOINT WARNING * * *
* * * LOW HITPOINT WARNING * * *
You feel sick.
You see here a rat corpse.
* * * LOW HITPOINT WARNING * * *
You feel sick. The ball python completely misses you.
The ball python barely misses you.
It was a potion of haste.
Your stasis prevents you from being hasted.
* * * LOW HITPOINT WARNING * * *
You feel sick.
It was a potion of lignification.
You turn into a tree.
Your +0 leather armour melds into your body.
Your roots penetrate the ground.
* * * LOW HITPOINT WARNING * * *
You feel sick. The adder bites you but does no damage.
You hit the adder.
The adder is moderately wounded.
* * * LOW HITPOINT WARNING * * *
You feel sick.
The adder bites you but does no damage. x2
You barely miss the adder.
The adder is moderately wounded.
* * * LOW HITPOINT WARNING * * *
You feel sick. The adder bites you but does no damage.
You hit the adder.
The adder is severely wounded.
You die...

#...... #...... #......
#...... #...... ..<....
#....)###################
#....KSSā™£................
#.....###################
###.## #


You could see an adder, a ball python and a kobold.

Vanquished Creatures
  An adder (D:2)
  3 ball pythons (D:1)
  An endoplasm (D:2)
  2 goblins
  A hobgoblin (D:2)
  A kobold (D:2)
  4 rats
13 creatures vanquished.

Notes
Turn   | Place    | Note
-------+----------+-------------------------------------------
     0 | Abyss:1  | Ayyar the Formicid Abyssal Knight began the quest for the
                  | Orb.
     0 | Abyss:1  | Reached XP level 1. HP: 18/18 MP: 2/2
    68 | Abyss:2  | Found a corrupted altar of Lugonu.
   130 | Abyss:3  | Noticed a bone dragon
   136 | Abyss:3  | Found a candlelit altar of Ignis.
   191 | D:1      | Escaped the Abyss
   309 | D:1      | Reached skill level 1 in Dodging
   402 | D:1      | Found Nagoma's Distillery.
   459 | D:1      | Reached XP level 2. HP: 24/24 MP: 3/3
   535 | D:1      | Noticed a great orb of eyes
   537 | D:1      | Found a faded altar of an unknown god.
   575 | D:1      | You fall into a shaft and drop 1 floor!
   900 | D:2      | Reached XP level 3. HP: 29/29 MP: 4/4
   909 | D:2      | Found a shadowy altar of Dithmenos.
  1050 | D:2      | HP: 2/43 [poisoned by a goblin]
  1053 | D:2      | Succumbed to a goblin's poison

Illustrated notes

Levels and vault maps discovered:
D:1:      sevenhm_arrival_forest_fort_large_4, layout_basic, serial_shops,
          nicolae_shop_statue_plus, hellmonk_ecumenical_altar_watching_god
D:2:      layout_basic, basic_altar

Skill      XL: |  1 |
---------------+----+-----
Dodging        | 1 |  1.3
Fighting       | |  3.5
Polearms       | |  2.2
Armour         | |  2.5
Invocations    | |  2.6

Action                   || total
-------------------------++-------
Melee: Spear             ||    36
  Use: Potion            ||     2
Armor: Leather armour    ||     6
       Skin              ||     4
Dodge: Dodged            ||    15
